 Dungeon Crawl Stone Soup version 0.30-a0-178-g4db885d750 (webtiles) character file.

Game seed: 3158634887878844636

15299 Querens the Eclecticist (level 12, -4/59 HPs)
             Began as a Deep Elf Conjurer on Oct 3, 2022.
             Was a Priest of Vehumet.
             Killed by divine providence
             ... invoked by an orc high priest
              (14 damage)
             ... on level 2 of the Orcish Mines.
             The game lasted 00:41:19 (7553 turns).

Querens the Eclecticist (Deep Elf Conjurer)         Turns: 7553, Time: 00:41:20

Health: -4/59      AC:  5    Str:  4      XL:     12   Next: 0%
Magic:  31/44      EV: 11    Int: 29      God:    Vehumet [***...]
Gold:   870        SH:  0    Dex: 12 (13) Spells: 35/46 levels left

rFire   + + .      SeeInvis .    I - +4 war axe (elec)
rCold   + + .      Faith    .    (no shield)
rNeg    . . .      Spirit   .    K - +0 troll leather armour
rPois   +          Reflect  .    (helmet restricted)
rElec   +          Harm     .    w - scarf {rC+ rF+}
rCorr   +          Rampage  .    h - +0 pair of gloves
Will    ++...      Clarity  +    (no boots)
Stlth   ++........               R - amulet of magic regeneration
HPRegen 1.09/turn                j - ring of magical power
MPRegen 0.69/turn                O - ring of willpower

@: brilliant, resistant
A: antennae 1, clarity, deterioration 1, MP-powered wands
a: Renounce Religion


You were on level 2 of the Orcish Mines.
You worshipped Vehumet.
Vehumet was most pleased with you.
You visited 3 branches of the dungeon, and saw 14 of its levels.
You also visited: Bailey.

You collected 870 gold pieces.

Inventory:

Hand Weapons
 I - a +4 war axe of electrocution (weapon)
Missiles
 r - 13 curare-tipped darts
 u - a throwing net
Armour
 h - a +0 pair of gloves (worn)
 p - a +2 robe of cold resistance
 t - a scarf of harm
 w - a scarf of resistance (worn)
 K - a +0 troll leather armour (worn)
 M - a +0 cloak of stealth
Magical Staves
 z - a staff of cold
Jewellery
 d - a ring of resist corrosion
 g - an amulet of the acrobat
 i - a ring of see invisible
 j - a ring of magical power (left hand)
 k - a ring of fire
 m - a ring of ice
 x - a ring of fire
 C - the ring "Ylekhath" {Ice Str+4 Dex+2}
   (You found it on level 5 of the Dungeon)

   [ring of ice]

   It enhances your ice magic.
   Str:       It affects your strength (+4).
   Dex:       It affects your dexterity (+2).
   rF:        It makes you vulnerable to fire.
   rC:        It protects you from cold.
 O - a ring of willpower (right hand)
 R - an amulet of magic regeneration (around neck)
Wands
 f - a wand of digging (5)
 J - a wand of paralysis (2)
 L - a wand of mindburst (4)
 Q - a wand of iceblast (9)
Scrolls
 a - a scroll of blinking
 n - a scroll of fog
 o - 5 scrolls of immolation
 s - 3 scrolls of enchant armour
 y - 2 scrolls of amnesia
 A - 3 scrolls of summoning
 B - a scroll of noise
 D - 4 scrolls of teleportation
 S - a scroll of fear
 T - a scroll of silence {unknown}
 V - a scroll of brand weapon {unknown}
Potions
 b - 5 potions of magic
 c - 5 potions of curing
 q - a potion of heal wounds
 v - 3 potions of brilliance
 E - 4 potions of flight
 F - a potion of ambrosia
 H - 2 potions of haste
 N - a potion of attraction
 P - a potion of cancellation
 U - a potion of mutation


   Skills:
 - Level 3.0 Dodging
 - Level 3.1 Stealth
 + Level 17.7 Spellcasting
 + Level 15.5 Conjurations


You had 35 spell levels left.
You knew the following spells:

 Your Spells              Type           Power      Damage    Failure   Level
a - Magic Dart            Conj           100%       1d8       0%          1
b - Searing Ray           Conj           100%       2d8       0%          2
c - Iskenderun's Mystic   Conj/Tloc      82%        2d16      1%          4
d - Fulminant Prism       Conj/Hex       41%        3d20      1%          4

Your spell library contained the following spells:

 Spells                   Type           Power      Damage    Failure   Level
 Inner Flame              Hex/Fire       38%        N/A       2%          3
 Freeze                   Ice            100%       1d11      1%          1
 Dazzling Flash           Conj/Hex       100%       N/A       1%          3
 Hailstorm                Conj/Ice       82%        3d17      1%          3
 Frozen Ramparts          Ice            76%        1d12      2%          3
 Iron Shot                Conj/Erth      41%        9d8       5%          6
 Animate Armour           Summ/Erth      76%        N/A       30%         4
 Blade Hands              Tmut           19%        N/A       63%         5


Dungeon Overview and Level Annotations

Branches:
Dungeon (11/15)            Temple (1/1) D:7            Lair (0/5) D:8
    Orc (2/2) D:11         Bailey (visited)
    Elf: Orc:2

Altars:
Ashenzari
Cheibriados
Dithmenos
Elyvilon
Fedhas
Gozag
Hepliaklqana
Kikubaaqudgha
Makhleb
Nemelex Xobeh
Okawaru
Qazlal
Ru
Sif Muna
Trog
Uskayaw
Vehumet
Wu Jian
Xom
Yredelemnul
Zin
The Shining One

Shops:
D:4 :   D:5 **   D:9 (


Innate Abilities, Weirdness & Mutations

You have a pair of small antennae on your head.
You possess an exceptional clarity of mind.
Your body sometimes deteriorates upon taking damage.
You expend magic power (3 MP) to strengthen your wands.


Message History

The sun demon is lightly wounded.
The sun demon is knocked back by the mystic blast.
The sun demon collides with the rust devil!
The rust devil is lightly wounded.
The sun demon is moderately wounded.
The mystic blast hits the orc warrior!!
You kill the orc warrior!
Vehumet accepts your kill.
You hear a shout!
You have reached level 12!
You feel clever.
Unknown command.
Aiming: Paralyse
Press: ? - help, Shift-Dir - straight line, f - orc knight
Aim: an orc knight, wielding a +0 arbalest and wearing a +0 plate armour (chance to affect: 35%)
You feel a surge of power!
The orc knight easily resists.
The sun demon hits you!
* * * LOW HITPOINT WARNING * * *
You are engulfed in flames.
You resist.
* * * LOW HITPOINT WARNING * * *
Casting: Iskenderun's Mystic Blast (safe; 1% risk of failure)
Confirm with . or Enter, or press ? or * to list all spells.
You feel a surge of power!
You erupt in a blast of force!
The mystic blast hits the orc knight!
The orc knight is lightly wounded.
The orc knight is knocked back by the mystic blast.
The mystic blast hits the rust devil!
You kill the rust devil!
The rust devil disappears in a puff of smoke!
The mystic blast hits the rust devil!
The rust devil is moderately wounded.
The rust devil is knocked back by the mystic blast.
The mystic blast hits the sun demon!
The sun demon is heavily wounded.
The sun demon is knocked back by the mystic blast.
You hear a shout! x3
The orc sorcerer no longer looks unusually strong.
The orc high priest mumbles some strange prayers to Beogh against you.
Beogh smites you!
You die...

..........$....
...............
..........o)...
.......o...4$..
........o)3)...
.....).))))....
.......))ยง.....
.....).@.)#
.......))......
...#...........
. #...........
.............
...#.......#..
.#.####..#### .
## ####


You could see an orc knight, an orc high priest (strong), a sun demon
(summoned), a rust devil (summoned) and an orc sorcerer.

Vanquished Creatures
  A boulder beetle (D:11)
  2 two-headed ogres
  An orc knight (Orc:1)
  A cyclops (D:11)
  2 orc sorcerers (Orc:1)
  A komodo dragon (D:8)
  An unseen horror (D:10)
  3 kobold demonologists
  5 trolls
  3 yaks (D:10)
  A vampire (D:9)
  A wyvern (D:9)
  8 vampire mosquitoes
  3 wargs
  5 water moccasins
  20 orc warriors
  A sky beast (D:7)
  2 black bears (D:8)
  3 ogres
  2 centaurs
  20 kobold brigands
  5 bullfrogs
  A gnoll sergeant (D:9)
  A necrophage (D:6)
  5 scorpions
  9 wights
  8 killer bees (D:9)
  3 howler monkeys (D:7)
  3 jellies
  16 orc priests
  A gnoll bouda (D:6)
  3 hounds
  Terence (D:3)
  An iguana (D:6)
  14 orc wizards
  14 gnolls
  12 adders
  A shadow imp (D:7)
  An ufetubus (D:4)
  3 worms
  A dart slug (D:1)
  59 orcs
  11 endoplasms
  2 giant cockroaches (D:2)
  16 goblins
  9 hobgoblins
  11 jackals
  42 kobolds
  5 quokkas
  7 ball pythons
  5 bats
  2 frilled lizards
  A rat (D:2)
  A spectral kobold (D:3)
  A fulminant prism (Orc:1)
361 creatures vanquished.

Vanquished Creatures (others)
  28 fulminant prisms
  56 fungi (D:8)
  51 plants
135 creatures vanquished.

Grand Total: 496 creatures vanquished

Notes
Turn   | Place    | Note
-------+----------+-------------------------------------------
     0 | D:1      | Querens the Deep Elf Conjurer began the quest for the Orb.
     0 | D:1      | Reached XP level 1. HP: 10/10 MP: 6/6
   144 | D:1      | Reached XP level 2. HP: 15/15 MP: 1/8
   182 | D:1      | Learned a level 2 spell: Searing Ray
   507 | D:2      | Reached XP level 3. HP: 16/19 MP: 3/10
   745 | D:2      | Reached skill level 4 in Spellcasting
   793 | D:2      | Reached skill level 5 in Conjurations
   908 | D:2      | Reached XP level 4. HP: 24/24 MP: 12/12
   913 | D:2      | Learned a level 4 spell: Iskenderun's Mystic Blast
   918 | D:2      | Learned a level 4 spell: Fulminant Prism
  1235 | D:3      | Found a glowing golden altar of the Shining One.
  1297 | D:3      | Reached skill level 5 in Spellcasting
  1312 | D:3      | Noticed a kobold brigand
  1320 | D:3      | Killed a kobold brigand
  1321 | D:3      | Reached XP level 5. HP: 28/28 MP: 15/15
  1668 | D:3      | Noticed Terence
  1678 | D:3      | Killed Terence
  1679 | D:3      | Reached skill level 6 in Spellcasting
  1679 | D:3      | Reached XP level 6. HP: 25/32 MP: 17/17
  1718 | D:3      | Found a faded altar of an unknown god.
  1900 | D:4      | Found Rearojim's Vocational Training.
  2026 | D:4      | Reached skill level 7 in Spellcasting
  2078 | D:4      | Reached XP level 7. HP: 36/36 MP: 15/19
  2303 | D:5      | Entered Level 5 of the Dungeon
  2359 | D:5      | Reached skill level 8 in Spellcasting
  2412 | D:5      | Found Ugus's Fire Supplies.
  2423 | D:5      | Identified the ring "Ylekhath" {Ice Str+4 Dex+2}
  2560 | D:5      | Reached XP level 8. HP: 36/41 MP: 18/22
  2696 | D:5      | Noticed a hornet
  2703 | D:5      | Found Gozag's Platinum Reserve.
  2720 | D:5      | Found an opulent altar of Gozag.
  2865 | D:6      | Reached skill level 9 in Spellcasting
  3480 | D:7      | Reached skill level 10 in Spellcasting
  3688 | D:7      | Found a staircase to the Ecumenical Temple.
  3708 | D:7      | Reached skill level 11 in Spellcasting
  3708 | D:7      | Reached skill level 10 in Conjurations
  3708 | D:7      | Reached XP level 9. HP: 35/45 MP: 2/26
  3743 | Temple   | Entered the Ecumenical Temple
  4585 | D:8      | Found a flagged portal.
  4675 | D:8      | Noticed a kobold demonologist
  4704 | D:8      | Reached skill level 12 in Spellcasting
  4813 | Bailey   | Entered a bailey
  4868 | Bailey   | Reached skill level 13 in Spellcasting
  4930 | Bailey   | Reached XP level 10. HP: 16/50 MP: 11/29
  5117 | D:8      | Reached skill level 14 in Spellcasting
  5189 | D:8      | Found a radiant altar of Vehumet.
  5194 | D:8      | Became a worshipper of Vehumet
  5285 | D:8      | Found a staircase to the Lair.
  5580 | D:9      | Noticed a +0 hand axe
  5585 | D:9      | Noticed a +0 dagger
  5588 | D:9      | Found a hide-covered altar of Uskayaw.
  5692 | D:9      | Reached skill level 15 in Spellcasting
  5693 | D:9      | Reached * piety under Vehumet
  5693 | D:9      | Offered knowledge of Foxfire by Vehumet.
  5787 | D:9      | Found Met Nath's Weapon Shoppe.
  5873 | D:9      | Found a blossoming altar of Fedhas.
  6042 | D:10     | Entered Level 10 of the Dungeon
  6044 | D:10     | Found an iron altar of Okawaru.
  6295 | D:10     | Reached XP level 11. HP: 38/54 MP: 24/32
  6446 | D:10     | You fall into a shaft and drop 1 floor!
  6470 | D:11     | Noticed a boulder beetle
  6537 | D:10     | Found a basalt altar of Yredelemnul.
  6608 | D:10     | Noticed a sun demon
  6686 | D:10     | Offered knowledge of Sandblast by Vehumet.
  6691 | D:10     | Found a glowing silver altar of Zin.
  6741 | D:11     | Reached ** piety under Vehumet
  6742 | D:11     | Reached skill level 16 in Spellcasting
  6826 | D:11     | Noticed a two-headed ogre
  6899 | D:11     | Identified a scroll of acquirement
  6900 | D:11     | Acquired an amulet of magic regeneration
  6943 | D:11     | Killed a two-headed ogre
  6956 | D:11     | Offered knowledge of Momentum Strike by Vehumet.
  6960 | D:11     | Found a staircase to the Orcish Mines.
  7140 | D:11     | Killed a boulder beetle
  7227 | Orc:1    | Entered Level 1 of the Orcish Mines
  7230 | Orc:1    | Noticed an orc knight
  7233 | Orc:1    | Reached *** piety under Vehumet
  7237 | Orc:1    | Noticed an orc sorcerer
  7238 | Orc:1    | Reached skill level 17 in Spellcasting
  7239 | Orc:1    | Noticed an orc sorcerer
  7245 | Orc:1    | Killed an orc sorcerer
  7246 | Orc:1    | Reached skill level 15 in Conjurations
  7247 | Orc:1    | Killed an orc sorcerer
  7323 | Orc:1    | Killed an orc knight
  7426 | Orc:2    | Entered Level 2 of the Orcish Mines
  7528 | Orc:1    | Gained mutation: Your body sometimes deteriorates upon
                  | taking damage. [potion of mutation]
  7528 | Orc:1    | Gained mutation: You expend magic power (3 MP) to
                  | strengthen your wands. [potion of mutation]
  7528 | Orc:1    | Gained mutation: You have a pair of small antennae on your
                  | head. [potion of mutation]
  7528 | Orc:1    | Gained mutation: You possess an exceptional clarity of
                  | mind. [potion of mutation]
  7532 | Orc:2    | Noticed a two-headed ogre
  7534 | Orc:2    | Noticed an orc high priest
  7535 | Orc:2    | Offered knowledge of Inner Flame by Vehumet.
  7538 | Orc:2    | Noticed an orc knight
  7540 | Orc:2    | Killed a two-headed ogre
  7541 | Orc:2    | Noticed an orc sorcerer
  7549 | Orc:2    | Noticed a sun demon
  7549 | Orc:2    | HP: 2/54 [orc knight/bolt (16)]
  7552 | Orc:2    | Reached XP level 12. HP: 19/59 MP: 35/35
  7553 | Orc:2    | Killed from afar by an orc high priest

Illustrated notes

Levels and vault maps discovered:
D:1:      amcnicky_arrival_single_pillar, layout_rooms, serial_park_tiny_pond
D:2:      layout_basic
D:3:      cheibrodos_thug_alley, layout_basic, nicolae_tso_carved_into_rock,
          dreamdust_ecumenical_altar_drowned_temple, minmay_distorted,
          uniq_terence
D:4:      layout_basic, nicolae_shop_vocational
D:5:      layout_cave_pools, nicolae_gozag_zags_fifth_avenue, serial_bayou,
          serial_bayou_lake_a, serial_bayou_crossing, serial_bayou_shore_b,
          serial_bayou_lagoon_a, nicolae_shop_fire_sale
          [nicolae_sub_dead_trees], hangedman_abyss_or_decor_passed,
          lightli_corner_chamber
D:6:      layout_loops_ring, kennysheep_donut
D:7:      layout_basic, minmay_temple_entry_slanted, chequers_garden,
          hex_intersection, corexii_corridor_pit
D:8:      layout_loops_ring, general_overflow_altar,
          due_lair_maze_entry_diamond, enter_bailey_3, special_room
          [special_room_kobold]
D:9:      layout_loops_ring, dancing_weapons_uskayaw,
          mainiacjoe_overflow_alcove_4, serial_shops, nicolae_shop_crystal
D:10:     layout_irregular_city, kennysheep_mini_moat, marbit_many_paths,
          okawaru_gym_becter
D:11:     layout_roguey, erik_orc_4
Temple:   dpeg_chambers_temple
Orc:1:    cheibrodos_orc_guarddog, layout_caves, uniq_nergalle
Orc:2:    st_orc_congregation, layout_caves

Skill      XL: |  1  2  3  4  5  6  7  8  9 10 11 |
---------------+----------------------------------+-----
Stealth        | 3 |  3.1
Dodging        | 3 |  3.0
Spellcasting   | 4 5 6 7 8 11 13 15 17 | 17.7
Conjurations   | 5 6 7 8 10 11 13 15 | 15.5

Action                   |  1- 3 |  4- 6 |  7- 9 | 10-12 || total
-------------------------+-------+-------+-------+-------++-------
Melee: Unarmed           |     4 |       |     5 |       ||     9
       War axe           |       |       |    22 |    30 ||    52
 Cast: Magic Dart        |    60 |    33 |    36 |     3 ||   132
       Searing Ray       |     6 |    23 |    59 |    18 ||   106
       Iskenderun's Myst |       |       |    21 |   117 ||   138
       Fulminant Prism   |       |       |     1 |    28 ||    29
Evoke: Wand              |       |       |    13 |     7 ||    20
  Use: Potion            |       |       |     5 |    12 ||    17
       Scroll            |       |       |     9 |    10 ||    19
 Stab: Paralysed         |       |       |     5 |       ||     5
Armor: Robe              |     6 |     4 |     4 |     8 ||    22
       Troll leather arm |       |       |       |    18 ||    18
Dodge: Dodged            |    24 |    25 |    96 |   112 ||   257

Table legend: (Time is in decaauts)
 A = Elapsed time spent in this place.
 B = Non-inter-level travel time spent in this place.
 C = Inter-level travel time spent in this place.
 D = Time resting spent in this place.
 E = Time spent auto-exploring this place.
 F = Levels seen in this place.
 G = Mean time per level.
                   A        B        C        D        E       F      G
               +--------+--------+--------+--------+--------+-----+--------+
         Total |   7634 |   6977 |    657 |     97 |    296 |  15 |  508.9 |
       Dungeon |   6739 |   6114 |    625 |     28 |      0 |  11 |  612.6 |
        Temple |    350 |    328 |     22 |      0 |    296 |   1 |  350.0 |
  Orcish Mines |    272 |    262 |     10 |     64 |      0 |   2 |  136.0 |
        Bailey |    271 |    271 |      0 |      5 |      0 |   1 |  271.0 |
               +--------+--------+--------+--------+--------+-----+--------+

Top non-repeatable levels by time:
     D:2: 762 daAuts
     D:8: 745 daAuts
     D:3: 682 daAuts
    D:10: 665 daAuts
     D:7: 652 daAuts
     D:6: 619 daAuts
     D:9: 602 daAuts
    D:11: 581 daAuts
     D:5: 554 daAuts
     D:4: 497 daAuts
     D:1: 375 daAuts
  Temple: 350 daAuts
  Bailey: 271 daAuts
   Orc:1: 236 daAuts
   Orc:2: 36 daAuts
